[Event "ICC tourney 2260 (3 2)"]
[Site "Internet Chess Club"]
[Date "2020.12.31"]
[Round "4"]
[White "funpawn"]
[Black "KingRayfish"]
[Result "0-1"]
[ICCResult "White forfeits on time"]
[WhiteElo "1765"]
[BlackElo "1469"]
[Opening "KP: Nimzovich defense"]
[ECO "B00"]
[NIC "VO.05"]
[Time "12:44:00"]
[PlyCount "108"]
[TimeControl "180+2"]

1. e4 Nc6 2. Nf3 d5 3. exd5 Qxd5 4. Nc3 Qh5 5. Be2 Bg4 6. O-O Nf6 7. d3
O-O-O 8. Bf4 e5 9. Bg3 e4 10. Nd2 Bxe2 11. Nxe2 exd3 12. cxd3 Rxd3 13. Nf4
Qxd1 14. Raxd1 Rd8 15. Nf3 Bd6 16. Ne2 Bxg3 17. Nxg3 Rhe8 18. h3 a6 19. Nh4
g6 20. f4 Re3 21. Rxd8+ Kxd8 22. Kf2 Rd3 23. Nf3 Nd4 24. Nxd4 Rxd4 25. Ke3
Rd7 26. f5 Nd5+ 27. Kf3 Re7 28. Rd1 c6 29. fxg6 hxg6 30. Ne4 Kc7 31. g4 b5
32. h4 a5 33. h5 gxh5 34. gxh5 f5 35. Ng3 Re3+ 36. Kf2 f4 37. Nf1 Rh3 38.
Re1 Rxh5 39. Re6 Rh3 40. Rg6 Kb6 41. Rg7 b4 42. Rg6 a4 43. Rg7 Kc5 44. Rg5
a3 45. b3 Rxb3 46. Rf5 Rb2+ 47. Kf3 Rxa2 48. Re5 Rb2 49. Re1 a2 50. Ra1 b3
51. Ke4 Rb1 52. Nd2 Rxa1 53. Nxb3+ Kb4 54. Nxa1 Ka3 { White forfeits on
time } 0-1

[Event "ICC tourney 2260 (3 2)"]
[Site "Internet Chess Club"]
[Date "2020.12.31"]
[Round "4"]
[White "sujashankar"]
[Black "crazyhorse9"]
[Result "0-1"]
[ICCResult "White forfeits on time"]
[WhiteElo "1691"]
[BlackElo "1462"]
[Opening "Scotch: Schmidt variation"]
[ECO "C45"]
[NIC "SO.04"]
[Time "12:44:00"]
[PlyCount "72"]
[TimeControl "180+2"]

1. e4 e5 2. Nf3 Nc6 3. d4 exd4 4. Nxd4 Nf6 5. Nxc6 bxc6 6. Bd3 d5 7. exd5
cxd5 8. O-O Be7 9. Nc3 O-O 10. Bg5 Bb7 11. Re1 h6 12. Bh4 Re8 13. Qd2 c5
14. b3 Qc7 15. Bg3 Qd7 16. Bb5 Bc6 17. Bxc6 Qxc6 18. Rad1 d4 19. Ne2 Ne4
20. Qd3 Bg5 21. h3 Re6 22. Bf4 Rae8 23. Bxg5 Nxg5 24. Kh2 Qd6+ 25. Kh1 Ne4
26. Kg1 Nc3 27. Rd2 Nd5 28. Red1 Rg6 29. Ng3 Nf4 30. Qf3 Rge6 31. c3 d3 32.
Kh2 Qe5 33. Kh1 Qf6 34. c4 Qh4 35. Nf5 Qg5 36. Ne3 Rg6 { White forfeits on
time } 0-1

[Event "ICC tourney 2260 (3 2)"]
[Site "Internet Chess Club"]
[Date "2020.12.31"]
[Round "4"]
[White "DrKnight01"]
[Black "StevChess01"]
[Result "1-0"]
[ICCResult "Black checkmated"]
[WhiteElo "1216"]
[BlackElo "1684"]
[Opening "Queen's pawn game"]
[ECO "D00"]
[NIC "QP.07"]
[Time "12:44:09"]
[PlyCount "79"]
[TimeControl "180+2"]

1. d4 Nf6 2. Nc3 d5 3. Nf3 g6 4. Bg5 Bg7 5. Bxf6 Bxf6 6. e3 O-O 7. Bd3 c5
8. h4 cxd4 9. exd4 Bg4 10. Qd2 Bxf3 11. gxf3 Bxd4 12. h5 Bg7 13. O-O-O e6
14. hxg6 fxg6 15. Rh3 Qf6 16. Rdh1 h6 17. Rg3 g5 18. Ne2 Nc6 19. c3 Rad8
20. f4 gxf4 21. Rg4 e5 22. Rhg1 Rd7 23. Bf5 Re7 24. Bg6 Kh8 25. Bh5 Rg8 26.
Rg6 Re6 27. Rxf6 Rxf6 28. Qc2 d4 29. cxd4 Nxd4 30. Nxd4 exd4 31. Qb3 Rc6+
32. Kb1 Kh7 33. Qxb7 d3 34. Qxc6 d2 35. Qg6+ Kh8 36. Kc2 f3 37. Kxd2 Rd8+
38. Ke3 Rd7 39. Qe8+ Kh7 40. Bg6# { Black checkmated } 1-0

[Event "ICC tourney 2260 (3 2)"]
[Site "Internet Chess Club"]
[Date "2020.12.31"]
[Round "4"]
[White "ved2006"]
[Black "ChiefDas"]
[Result "1-0"]
[ICCResult "Black resigns"]
[WhiteElo "1719"]
[BlackElo "1857"]
[Opening "QGA: classical, 6...a6"]
[ECO "D27"]
[NIC "QG.07"]
[Time "12:43:51"]
[PlyCount "121"]
[TimeControl "180+2"]

1. d4 d5 2. Nf3 Nf6 3. e3 e6 4. c4 dxc4 5. Bxc4 c5 6. O-O a6 7. Nc3 b5 8.
Bb3 c4 9. Bc2 Bb7 10. a3 Be7 11. b3 Nd5 12. Nxd5 exd5 13. b4 Nd7 14. Re1
Nf6 15. Bb2 O-O 16. Nd2 Re8 17. e4 Rc8 18. e5 Nd7 19. Bc3 Nf8 20. Qg4 Rc6
21. Nf3 Bc8 22. Qf4 Ng6 23. Qc1 Nh4 24. Nxh4 Bxh4 25. Bd2 c3 26. Bf4 Rc4
27. Qe3 Qb6 28. Rad1 a5 29. g3 Bd8 30. bxa5 Qxa5 31. Bb3 Qxa3 32. Bxc4 bxc4
33. Rc1 Ba5 34. Qf3 Be6 35. Bd2 Rb8 36. Bxc3 Rb3 37. Ra1 Rxc3 38. Rxa3 Rxf3
39. Rxa5 h6 40. Rd1 Rc3 41. Raa1 Rc2 42. Kg2 Kh7 43. Rac1 Rxc1 44. Rxc1 Kg6
45. h3 Bf5 46. f3 Bd3 47. Kf2 Kf5 48. Ke3 f6 49. exf6 Kxf6 50. Rc3 Bb1 51.
Ra3 Kf5 52. Ra7 c3 53. Rxg7 c2 54. Rc7 Ke6 55. Kd2 Ba2 56. Rxc2 Bb3 57. Rc5
Bc4 58. Rxc4 dxc4 59. Kc3 Kd5 60. f4 Ke4 61. Kxc4 { Black resigns } 1-0

[Event "ICC tourney 2260 (3 2)"]
[Site "Internet Chess Club"]
[Date "2020.12.31"]
[Round "4"]
[White "hartej"]
[Black "uzkuzk"]
[Result "1-0"]
[ICCResult "Black resigns"]
[WhiteElo "1516"]
[BlackElo "1809"]
[Opening "Petrov's defense"]
[ECO "C42"]
[NIC "RG.03"]
[Time "12:44:18"]
[PlyCount "95"]
[TimeControl "180+2"]

1. e4 e5 2. Nf3 Nf6 3. Nxe5 Nc6 4. Nxc6 dxc6 5. d3 Bc5 6. Be2 h5 7. Nc3 Ng4
8. Bxg4 hxg4 9. Qe2 Qf6 10. Be3 Bb6 11. Bxb6 axb6 12. a3 Be6 13. e5 Qh6 14.
Qd2 Qh4 15. Qe3 Qe7 16. Ne4 Rh5 17. Ng3 Rg5 18. d4 c5 19. c3 cxd4 20. cxd4
c5 21. Rc1 cxd4 22. Qxd4 Ra5 23. O-O Raxe5 24. Qxb6 Rg6 25. Rc7 Qh4 26.
Qxb7 Rh6 27. Qb8+ Qd8 28. Qxd8+ Kxd8 29. Rc3 Rb5 30. b4 Rf6 31. Rd1+ Ke7
32. Ne4 Rf4 33. Nc5 Kf6 34. Re1 Rb8 35. Nxe6 fxe6 36. Rce3 Rb6 37. g3 Rf5
38. Kg2 Kg5 39. Rxe6 Rb8 40. R6e5 Rf8 41. Rxf5+ Rxf5 42. Re3 Rf8 43. b5 Ra8
44. b6 Rb8 45. Rb3 Kf5 46. a4 Ke6 47. a5 Kd7 48. a6 { Black resigns } 1-0

[Event "ICC tourney 2260 (3 2)"]
[Site "Internet Chess Club"]
[Date "2020.12.31"]
[Round "4"]
[White "miyzhang"]
[Black "MChessy"]
[Result "0-1"]
[ICCResult "White forfeits on time"]
[WhiteElo "1227"]
[BlackElo "1950"]
[Opening "Caro-Kann: Steinitz variation"]
[ECO "B17"]
[NIC "CK.08"]
[Time "12:43:59"]
[PlyCount "90"]
[TimeControl "180+2"]

1. e4 c6 2. d4 d5 3. Nd2 dxe4 4. Nxe4 Nd7 5. Nf3 Ngf6 6. Bd3 Nxe4 7. Bxe4
Nf6 8. Bd3 e6 9. Bg5 Be7 10. Ne5 O-O 11. c3 Nd5 12. Bxe7 Qxe7 13. Qh5 g6
14. Qh6 Qf6 15. h4 Nf4 16. Be4 c5 17. h5 cxd4 18. hxg6 Nxg2+ 19. Bxg2 Qxe5+
20. Kd1 Qg7 21. gxh7+ Kh8 22. Qxg7+ Kxg7 23. cxd4 Rh8 24. Be4 f5 25. Bf3
Rxh7 26. Rxh7+ Kxh7 27. Kd2 Kg6 28. Rg1+ Kf6 29. Rg8 Kf7 30. Rh8 Ke7 31.
Kd3 Kd7 32. Kc4 a5 33. Kb5 Ra6 34. Rh7+ Kd6 35. Bxb7 Bxb7 36. Rxb7 Ra8 37.
Rb6+ Kd5 38. Ka4 Kxd4 39. Rxe6 Rb8 40. Re3 Rxb2 41. Kxa5 Rxa2+ 42. Kb4 Rxf2
43. Re7 f4 44. Rf7 f3 45. Kb3 Rf1 { White forfeits on time } 0-1

[Event "ICC tourney 2260 (3 2)"]
[Site "Internet Chess Club"]
[Date "2020.12.31"]
[Round "4"]
[White "Mozart1"]
[Black "el008"]
[Result "1-0"]
[ICCResult "Black checkmated"]
[WhiteElo "1836"]
[BlackElo "1944"]
[Opening "Sicilian: Najdorf, Adams attack"]
[ECO "B90"]
[NIC "SI.14"]
[Time "12:43:58"]
[PlyCount "147"]
[TimeControl "180+2"]

1. e4 c5 2. Nf3 d6 3. d4 cxd4 4. Nxd4 Nf6 5. Nc3 a6 6. h3 e5 7. Nde2 Nc6 8.
g4 Be7 9. g5 Nd7 10. h4 Nc5 11. Be3 Ne6 12. Nd5 O-O 13. Bb6 Qe8 14. Qd2 Bd8
15. Be3 b5 16. Bg2 Bb7 17. Ng3 Ncd4 18. c3 Bxd5 19. exd5 Nf4 20. Bxf4 exf4+
21. Ne4 f3 22. Qxd4 fxg2 23. Rg1 Bb6 24. Qd3 f5 25. gxf6 Rxf6 26. O-O-O Rg6
27. h5 Rh6 28. Rxg2 Qxh5 29. Rdg1 Rg6 30. Rxg6 hxg6 31. Nxd6 Rd8 32. Qxg6
Qxg6 33. Rxg6 Bxf2 34. Nf5 Kf7 35. Rxa6 Rxd5 36. Nd6+ Kg8 37. Ne4 Be3+ 38.
Kc2 g5 39. Nf6+ Kf7 40. Nxd5 Bc5 41. Rh6 Kg7 42. Rh2 Kg6 43. Rg2 Kf5 44. b4
Bd6 45. Ne3+ Kf4 46. Rg4+ Kxe3 47. Rxg5 Ke4 48. Rxb5 Be5 49. a4 Bc7 50. a5
Bh2 51. a6 Bg1 52. Ra5 Ba7 53. b5 Bb6 54. a7 Bxa7 55. Rxa7 Kd5 56. b6 Kc6
57. Rc7+ Kxb6 58. Rh7 Kc6 59. Kd3 Kc5 60. Rh5+ Kd6 61. c4 Kc6 62. Kd4 Kd6
63. Rh6+ Kd7 64. c5 Kc7 65. Kd5 Kd7 66. Rh7+ Kc8 67. c6 Kb8 68. Kd6 Ka8 69.
c7 Kb7 70. Rh8 Kb6 71. c8=Q Kb5 72. Rh7 Kb4 73. Rb7+ Ka3 74. Qa8# { Black
checkmated } 1-0

[Event "ICC tourney 2260 (3 2)"]
[Site "Internet Chess Club"]
[Date "2020.12.31"]
[Round "4"]
[White "caracleliem2"]
[Black "LuckyNessLover"]
[Result "0-1"]
[ICCResult "White checkmated"]
[WhiteElo "1152"]
[BlackElo "1655"]
[Opening "Scandinavian defense"]
[ECO "B01"]
[NIC "SD.03"]
[Time "12:44:42"]
[PlyCount "150"]
[TimeControl "180+2"]

1. e4 d5 2. exd5 Nf6 3. Nc3 Nxd5 4. Bc4 Nb6 5. Bb3 Bf5 6. Nf3 Nc6 7. d3 e6
8. O-O Be7 9. Bf4 O-O 10. Nb5 Rc8 11. Ne5 Nxe5 12. Bxe5 a6 13. Nd4 Bf6 14.
Bxf6 Qxf6 15. Nxf5 Qxf5 16. d4 Rfd8 17. c3 c5 18. Bc2 Qf6 19. Qd3 cxd4 20.
Qxh7+ Kf8 21. cxd4 g6 22. Qh6+ Qg7 23. Qxg7+ Kxg7 24. Be4 Rc7 25. Rad1 Nc4
26. b3 Nd6 27. Bf3 Nb5 28. d5 exd5 29. Rxd5 Rxd5 30. Bxd5 Nc3 31. Bc4 Nxa2
32. Ra1 Nb4 33. Kf1 Re7 34. Ra4 Nc2 35. g3 b5 36. Rxa6 bxc4 37. bxc4 Rc7
38. Ra4 Nd4 39. Ke1 Nf3+ 40. Ke2 Nxh2 41. Ke3 Ng4+ 42. Kd4 Nf6 43. c5 Nd7
44. Kd5 Nxc5 45. Rc4 Ne6 46. Rxc7 Nxc7+ 47. Ke5 Ne6 48. Ke4 Kf6 49. f3 Ng5+
50. Ke3 Nh7 51. f4 g5 52. Kf3 gxf4 53. Kxf4 Ng5 54. g4 Ne6+ 55. Kf3 Kg5 56.
Kg3 Nd4 57. Kh3 Nf3 58. Kg3 Ne5 59. Kh3 Nxg4 60. Kg3 f5 61. Kf3 Ne5+ 62.
Kg3 f4+ 63. Kf2 Kg4 64. Kg2 Nd3 65. Kf1 f3 66. Kg1 Kg3 67. Kf1 f2 68. Ke2
Kg2 69. Kxd3 f1=Q+ 70. Ke3 Kg3 71. Kd2 Kf3 72. Kc2 Ke3 73. Kb2 Kd3 74. Ka2
Kc3 75. Ka3 Qa1# { White checkmated } 0-1

[Event "ICC tourney 2260 (3 2)"]
[Site "Internet Chess Club"]
[Date "2020.12.31"]
[Round "4"]
[White "auggie29"]
[Black "baldwinsthename"]
[Result "1-0"]
[ICCResult "Black checkmated"]
[WhiteElo "1095"]
[BlackElo "1228"]
[Opening "Petrov: modern (Steinitz) attack"]
[ECO "C43"]
[NIC "RG.01"]
[Time "12:43:52"]
[PlyCount "149"]
[TimeControl "180+2"]

1. e4 e5 2. Nf3 Nf6 3. d4 exd4 4. Nxd4 Bc5 5. Nc3 d6 6. Be3 Ng4 7. Qd3 Qf6
8. Nf3 Bxe3 9. fxe3 Ne5 10. Nxe5 Qxe5 11. O-O-O Be6 12. Be2 Nc6 13. Bf3
O-O-O 14. h3 f5 15. exf5 Bxf5 16. e4 Qf4+ 17. Kb1 Bg6 18. Rhe1 Ne5 19. Qe3
Rhf8 20. Qxa7 Nxf3 21. gxf3 Qxf3 22. Qa8+ Kd7 23. Qxb7 Rb8 24. Qd5 Qxc3 25.
b3 Bf7 26. Qd3 Qxd3 27. Rxd3 Rb5 28. a4 Rh5 29. e5 Bg6 30. e6+ Ke7 31. Rc3
Rc8 32. Kb2 Bf5 33. Rce3 Rxh3 34. Rxh3 Bxh3 35. Rh1 Bf5 36. Rg1 Kxe6 37.
Rxg7 Kd5 38. c4+ Kc6 39. Ka3 h5 40. Rg5 Bg4 41. b4 Kd7 42. a5 c5 43. b5 Be2
44. Kb3 Ke6 45. Rg6+ Ke5 46. Rg5+ Kd4 47. Rd5+ Ke4 48. Rxd6 h4 49. Rh6 Bd1+
50. Kc3 Rd8 51. Rxh4+ Kf3 52. Rh3+ Kg2 53. Rd3 Rxd3+ 54. Kxd3 Bf3 55. b6
Bb7 56. Kc3 Kf3 57. Kb3 Ke4 58. Ka4 Kd4 59. Kb5 Ke5 60. Kxc5 Ke6 61. Kb5
Kd6 62. a6 Ba8 63. b7 Bxb7 64. axb7 Kc7 65. Kc5 Kxb7 66. Kd6 Kc8 67. Kc6
Kb8 68. Kd7 Kb7 69. c5 Kb8 70. c6 Ka7 71. c7 Kb6 72. c8=Q Ka5 73. Qb8 Ka6
74. Kc6 Ka5 75. Qb5# { Black checkmated } 1-0

[Event "ICC tourney 2260 (3 2)"]
[Site "Internet Chess Club"]
[Date "2020.12.31"]
[Round "4"]
[White "dashrndrx1"]
[Black "BillyC"]
[Result "0-1"]
[ICCResult "White forfeits on time"]
[WhiteElo "1803"]
[BlackElo "1948"]
[Opening "QGD: exchange, positional line"]
[ECO "D35"]
[NIC "EO.64"]
[Time "12:44:06"]
[PlyCount "108"]
[TimeControl "180+2"]

1. c4 e6 2. Nc3 d5 3. cxd5 exd5 4. d4 Nf6 5. Bg5 Nbd7 6. e3 c6 7. Bd3 Bb4
8. Qc2 h6 9. Bh4 g5 10. Bg3 Qe7 11. Ne2 Ne4 12. O-O-O f5 13. a3 Bd6 14.
Bxd6 Qxd6 15. f3 Nf2 16. Bxf5 Nxh1 17. Bg6+ Kd8 18. Rxh1 b6 19. Ng3 Ba6 20.
Re1 Kc7 21. Bd3 Bxd3 22. Qxd3 Kb7 23. e4 Qf4+ 24. Kb1 dxe4 25. Rxe4 Qc7 26.
d5 Rad8 27. d6 Nc5 28. dxc7 Rxd3 29. Re7 Rd7 30. Re6 Nxe6 31. Nf5 Rxc7 32.
Ne4 Rd8 33. Nxh6 Rh7 34. Ng4 Rd1+ 35. Kc2 Rd8 36. h3 Rg7 37. Kc3 Nf4 38.
Nh6 Nxg2 39. Nf5 Rg6 40. Kc4 b5+ 41. Kb4 Nf4 42. Ka5 Nd3 43. b4 Rf8 44. Ne7
Rg7 45. Nxc6 Kxc6 46. Nc3 Rxf3 47. Nxb5 Rxh3 48. a4 g4 49. Ka6 Nxb4+ 50.
Ka5 g3 51. Nd4+ Kd5 52. Nf5 Nc6+ 53. Ka6 g2 54. a5 g1=Q { White forfeits on
time } 0-1

[Event "ICC tourney 2260 (3 2)"]
[Site "Internet Chess Club"]
[Date "2020.12.31"]
[Round "4"]
[White "Kokosnuss1000"]
[Black "tavit2"]
[Result "0-1"]
[ICCResult "White checkmated"]
[WhiteElo "1600"]
[BlackElo "629"]
[Opening "Four knights: Spanish variation"]
[ECO "C48"]
[NIC "KP.03"]
[Time "12:43:47"]
[PlyCount "164"]
[TimeControl "180+2"]

1. e4 e5 2. Nf3 Nc6 3. Nc3 Nf6 4. Bb5 d6 5. d4 exd4 6. Nxd4 Bd7 7. Nxc6
bxc6 8. Bc4 Be7 9. O-O O-O 10. f4 d5 11. exd5 cxd5 12. Bxd5 Nxd5 13. Qxd5
Be6 14. Qxd8 Raxd8 15. Be3 Bc4 16. Rfd1 a6 17. Rxd8 Rxd8 18. b3 Be6 19. Rd1
Bf6 20. Bc5 Re8 21. Ne4 Bf5 22. Nxf6+ gxf6 23. c4 Re2 24. Rd8+ Kg7 25. Bf8+
Kg6 26. a3 Bc2 27. b4 Bb3 28. c5 Ra2 29. Be7 Rxa3 30. Rg8+ Kf5 31. Rh8 Ra4
32. Rxh7 Rxb4 33. Rh5+ Ke6 34. Bd8 Rxf4 35. Bxc7 Rc4 36. Ba5 Bd1 37. Rh3
Rxc5 38. Re3+ Kf5 39. Bb6 Rb5 40. Rd3 Rxb6 41. Rxd1 a5 42. Ra1 Ra6 43. Kf2
a4 44. Kf3 Ke5 45. h4 f5 46. h5 a3 47. h6 Rxh6 48. Rxa3 Rh4 49. Ra7 Rf4+
50. Ke3 Rg4 51. Ra5+ Ke6 52. Kf3 Re4 53. Ra6+ Kd5 54. Ra5+ Ke6 55. Ra6+ Ke7
56. Rh6 f6 57. Rh5 Re5 58. Kf4 Ke6 59. g4 fxg4 60. Rxe5+ fxe5+ 61. Kxg4 Kd5
62. Kf3 e4+ 63. Ke3 Ke5 64. Ke2 Kf4 65. Kf2 Ke5 66. Ke3 Kd5 67. Ke2 Kd4 68.
Kd2 e3+ 69. Ke2 Ke4 70. Kd1 Kd3 71. Ke1 e2 72. Kf2 Kd2 73. Kf3 e1=Q 74. Kf4
Qe3+ 75. Kf5 Kd3 76. Kg6 Qf4 77. Kg7 Qf5 78. Kg8 Qd7 79. Kh8 Ke4 80. Kg8
Kf5 81. Kf8 Kg6 82. Kg8 Qg7# { White checkmated } 0-1

[Event "ICC tourney 2260 (3 2)"]
[Site "Internet Chess Club"]
[Date "2020.12.31"]
[Round "4"]
[White "TheOrcaPro"]
[Black "NL008"]
[Result "0-1"]
[ICCResult "White checkmated"]
[WhiteElo "1735"]
[BlackElo "1534"]
[Opening "Ruy Lopez: Berlin defense"]
[ECO "C65"]
[NIC "RL.07"]
[Time "12:44:33"]
[PlyCount "120"]
[TimeControl "180+2"]

1. e4 e5 2. Nf3 Nc6 3. Bb5 Nf6 4. d3 d6 5. c3 a6 6. Ba4 b5 7. Bc2 Bb7 8. h3
Be7 9. Be3 O-O 10. O-O d5 11. Nbd2 d4 12. cxd4 exd4 13. Bf4 Bd6 14. e5 Nxe5
15. Bxe5 Bxe5 16. Nxe5 Qd5 17. Nef3 g5 18. Bb3 Qf5 19. Nxd4 Qxd3 20. N2f3
Qxd1 21. Rfxd1 g4 22. hxg4 Nxg4 23. Rac1 Rac8 24. Nf5 Rfe8 25. Rd7 Ne5 26.
Rdxc7 Rxc7 27. Rxc7 Bxf3 28. gxf3 Nxf3+ 29. Kg2 Ne5 30. f4 Nc4 31. Bxc4
bxc4 32. Rxc4 Re2+ 33. Kg3 Rxb2 34. Ra4 Rb6 35. Kg4 Rg6+ 36. Kf3 Rb6 37.
Ne7+ Kf8 38. Nd5 Rd6 39. Nc7 Rb6 40. Rxa6 Rb4 41. Nd5 Rb2 42. Ra8+ Kg7 43.
a4 Ra2 44. a5 Ra3+ 45. Ne3 h5 46. Ke2 h4 47. Ng2 h3 48. Kf2 Ra2+ 49. Kg3
hxg2 50. a6 g1=Q+ 51. Kf3 Qf1+ 52. Ke4 Rxa6 53. Rxa6 Qxa6 54. Kf5 Qe6+ 55.
Kg5 Qg6+ 56. Kh4 Kf6 57. Kh3 Kf5 58. Kh2 Kxf4 59. Kh3 Kf3 60. Kh2 Qg2# {
White checkmated } 0-1

[Event "ICC tourney 2260 (3 2)"]
[Site "Internet Chess Club"]
[Date "2020.12.31"]
[Round "4"]
[White "Heliosis"]
[Black "SuperBlueSky"]
[Result "1-0"]
[ICCResult "Black checkmated"]
[WhiteElo "1880"]
[BlackElo "1597"]
[Opening "Ruy Lopez: closed, anti-Marshall 8.a4"]
[ECO "C88"]
[NIC "RL.18"]
[Time "12:43:49"]
[PlyCount "147"]
[TimeControl "180+2"]

1. e4 e5 2. Nf3 Nc6 3. Bb5 a6 4. Ba4 Nf6 5. O-O Be7 6. Re1 b5 7. Bb3 O-O 8.
a4 b4 9. d4 d6 10. dxe5 dxe5 11. Qe2 Bb7 12. Bg5 h6 13. Bxf6 Bxf6 14. Nbd2
Nd4 15. Nxd4 Qxd4 16. Nf3 Qc5 17. Rad1 Rad8 18. h3 Qe7 19. Bc4 a5 20. b3
Qc5 21. Rd3 Rxd3 22. cxd3 Rd8 23. Rc1 Qb6 24. Qc2 Rc8 25. Qb2 Qd6 26. Rc2
Qe7 27. Qc1 Qd6 28. Re2 Ba6 29. d4 Bxc4 30. Qxc4 exd4 31. e5 Qe6 32. Qxe6
fxe6 33. exf6 gxf6 34. Nxd4 e5 35. Nc6 Ra8 36. Rd2 Ra6 37. Rd8+ Kg7 38.
Rd7+ Kg6 39. Rxc7 h5 40. Ne7+ Kg5 41. Nd5 Rd6 42. Rc5 Kg6 43. Rxa5 f5 44.
Nxb4 Rd1+ 45. Kh2 Rb1 46. Rxe5 Rxb3 47. Nc6 Ra3 48. a5 Ra2 49. Rc5 Rxf2 50.
Nb4 Rf1 51. a6 Ra1 52. Rb5 Kf7 53. Rb7+ Ke6 54. a7 Kd6 55. Rb6+ Kc7 56.
Na6+ Kxb6 57. a8=Q Rxa6 58. Qb8+ Ka5 59. Qe5+ Ka4 60. Qxf5 Ra5 61. Qe4+ Ka3
62. g4 hxg4 63. hxg4 Rg5 64. Kg3 Kb3 65. Qe6+ Kc2 66. Qe4+ Kb3 67. Kh4 Rg8
68. Qe6+ Kc3 69. Qxg8 Kd4 70. g5 Ke5 71. g6 Kf6 72. g7 Kg6 73. Qf8 Kh6 74.
g8=Q# { Black checkmated } 1-0

[Event "ICC tourney 2260 (3 2)"]
[Site "Internet Chess Club"]
[Date "2020.12.31"]
[Round "4"]
[White "michaelxiao"]
[Black "bobiscool"]
[Result "1-0"]
[ICCResult "Black checkmated"]
[WhiteElo "1318"]
[BlackElo "1697"]
[Opening "Sicilian: Alapin's variation (2.c3)"]
[ECO "B22"]
[NIC "SI.46"]
[Time "12:44:42"]
[PlyCount "167"]
[TimeControl "180+2"]

1. e4 c5 2. c3 d6 3. d4 cxd4 4. cxd4 Nf6 5. Nc3 g6 6. Nf3 Bg7 7. Bg5 O-O 8.
Bxf6 Bxf6 9. Bc4 Nc6 10. O-O Qb6 11. e5 dxe5 12. dxe5 Nxe5 13. Nxe5 Bxe5
14. Re1 Bf6 15. b3 Bxc3 16. Rxe7 Bxa1 17. Qxa1 Be6 18. Bxe6 Rae8 19. Bxf7+
Rxf7 20. Rxe8+ Rf8 21. Rxf8+ Kxf8 22. Qh8+ Kf7 23. Qxh7+ Kf6 24. Qh4+ Kf7
25. Qf4+ Kg7 26. Qe5+ Kh6 27. h4 Qc6 28. Qg5+ Kh7 29. h5 gxh5 30. Qxh5+ Kg7
31. Qe5+ Kh7 32. f4 Qc1+ 33. Kf2 Qd2+ 34. Qe2 Qxf4+ 35. Ke1 Qc1+ 36. Kf2
Qc5+ 37. Qe3 Qc2+ 38. Kg1 Qxa2 39. Qe4+ Kh6 40. Qxb7 Qa1+ 41. Kh2 Qe5+ 42.
g3 Qe2+ 43. Qg2 Qd3 44. Qh3+ Kg7 45. Qg4+ Kf6 46. Qf4+ Kg6 47. Qc4 Qd2+ 48.
Kh3 Qh6+ 49. Qh4 Qe3 50. Qg4+ Kh7 51. Qh5+ Kg8 52. Qg6+ Kh8 53. Qf6+ Kh7
54. Qf7+ Kh8 55. Qh5+ Kg7 56. b4 Qb3 57. Qe5+ Kg8 58. b5 Qb1 59. Qd5+ Kg7
60. Qd7+ Kf8 61. g4 Qb3+ 62. Kh4 Qb2 63. g5 Qh2+ 64. Qh3 Qf4+ 65. Kh5 Qf7+
66. g6 Qd5+ 67. Kh6 Qd2+ 68. Kh7 Qb2 69. Qf5+ Ke7 70. g7 Qh2+ 71. Kg6 Qd6+
72. Kh7 Qh2+ 73. Kg8 Qb8+ 74. Qf8+ Kd7 75. Qxb8 a6 76. bxa6 Ke7 77. a7 Kf6
78. a8=Q Kg6 79. Qa6+ Kh5 80. Qbb5+ Kh4 81. Qaa4+ Kg3 82. Qbb3+ Kf2 83.
Qaa2+ Ke1 84. Qbb1# { Black checkmated } 1-0

[Event "ICC tourney 2260 (3 2)"]
[Site "Internet Chess Club"]
[Date "2020.12.31"]
[Round "4"]
[White "ekanshmehrotra"]
[Black "realFreddyWeddy"]
[Result "1-0"]
[ICCResult "Black resigns"]
[WhiteElo "1843"]
[BlackElo "1104"]
[Opening "Sicilian: Canal-Sokolsky attack, 3...Bd7"]
[ECO "B52"]
[NIC "SI.01"]
[Time "12:44:00"]
[PlyCount "139"]
[TimeControl "180+2"]

1. e4 c5 2. Nf3 d6 3. Bb5+ Bd7 4. Bxd7+ Qxd7 5. d4 cxd4 6. Nxd4 Nc6 7. Be3
Nf6 8. Nc3 e6 9. O-O Be7 10. f4 O-O 11. e5 dxe5 12. Nxc6 Qxc6 13. fxe5 Rfd8
14. Qe2 Nd5 15. Nxd5 Qxd5 16. Bf2 Bc5 17. Rad1 Bxf2+ 18. Qxf2 Qxd1 19.
Qxf7+ Kh8 20. Rxd1 Rxd1+ 21. Kf2 Rd2+ 22. Ke3 Rxc2 23. Qxb7 Rac8 24. Kf3
R2c7 25. Qa6 Rf8+ 26. Kg3 Re8 27. Qb5 Rce7 28. Qc6 h6 29. Qd6 Kh7 30. Qd3+
g6 31. Qf3 Kg7 32. Qf6+ Kh7 33. Kh4 Rg7 34. g4 Rge7 35. h3 Rg7 36. b4 Rge7
37. a4 Rg7 38. b5 Kg8 39. a5 Rge7 40. a6 Kh7 41. Kg3 Rg7 42. Kf4 Rge7 43.
h4 Rg7 44. g5 h5 45. Ke4 Rge7 46. Kd4 Rd7+ 47. Kc5 Rc7+ 48. Kd6 Rce7 49.
Kc6 Rg7 50. b6 axb6 51. Kxb6 Ree7 52. Qf3 Rgf7 53. Qc6 Kg7 54. Qd6 Kh7 55.
Qb8 Kg7 56. a7 Rxa7 57. Qxa7 Rxa7 58. Kxa7 Kf7 59. Kb6 Ke7 60. Kc6 Kf7 61.
Kd6 Ke8 62. Kxe6 Kf8 63. Kf6 Ke8 64. Kxg6 Ke7 65. Kxh5 Ke6 66. Kg6 Kxe5 67.
h5 Ke6 68. h6 Ke7 69. h7 Ke6 70. h8=Q { Black resigns } 1-0

[Event "ICC tourney 2260 (3 2)"]
[Site "Internet Chess Club"]
[Date "2020.12.31"]
[Round "4"]
[White "xyzchessdude"]
[Black "ritterfork"]
[Result "1-0"]
[ICCResult "Black checkmated"]
[WhiteElo "1992"]
[BlackElo "1846"]
[Opening "English opening"]
[ECO "A05"]
[NIC "QP.11"]
[Time "12:43:51"]
[PlyCount "153"]
[TimeControl "180+2"]

1. Nf3 Nf6 2. c4 g6 3. b3 Bg7 4. Bb2 O-O 5. g3 d5 6. Bg2 c6 7. O-O Re8 8.
d4 Bf5 9. Nbd2 Nbd7 10. Nh4 Be6 11. e4 dxe4 12. Nxe4 Nxe4 13. Bxe4 c5 14.
Bxb7 Rb8 15. Bg2 cxd4 16. Bxd4 Nf6 17. Bxa7 Rc8 18. Qxd8 Rexd8 19. Rad1 Re8
20. Bd4 Bg4 21. Rc1 Red8 22. Be3 Rd3 23. Nf3 Nd7 24. h3 Be6 25. Rfd1 Rxd1+
26. Rxd1 Nc5 27. Nd4 Rd8 28. Bf3 Bxh3 29. Nc6 Rxd1+ 30. Bxd1 Nd3 31. Nxe7+
Kf8 32. Nd5 Nb2 33. Be2 Be6 34. Bc5+ Ke8 35. Nc7+ Kd7 36. Nxe6 fxe6 37. Ba3
Kc6 38. Kf1 Bc3 39. f4 h6 40. Kf2 g5 41. Kf3 gxf4 42. Kxf4 e5+ 43. Ke4 Kb6
44. g4 Kc6 45. Kf5 Kd7 46. Kg6 e4 47. Bxb2 Bxb2 48. Kxh6 Bc1+ 49. Kg6 e3
50. Kf5 Kc6 51. g5 Kc5 52. Ke4 Kb4 53. g6 Bb2 54. Kxe3 Ka3 55. c5 Kxa2 56.
Bc4 Ka3 57. Ke4 Kb4 58. Kd5 Ka5 59. c6 Kb6 60. Kd6 Bg7 61. Kd7 Be5 62. c7
Bxc7 63. g7 Be5 64. g8=Q Bg7 65. Qxg7 Kc5 66. Bg8 Kb4 67. Qd4+ Ka3 68. Qc3
Ka2 69. b4+ Kb1 70. Bh7+ Ka2 71. Qc2+ Ka3 72. b5 Kb4 73. b6 Ka3 74. b7 Kb4
75. b8=Q+ Ka3 76. Qcb2+ Ka4 77. Q2b4# { Black checkmated } 1-0

[Event "ICC tourney 2260 (3 2)"]
[Site "Internet Chess Club"]
[Date "2020.12.31"]
[Round "4"]
[White "local0928"]
[Black "tigerche207"]
[Result "1-0"]
[ICCResult "Black resigns"]
[WhiteElo "1785"]
[BlackElo "1934"]
[Opening "Giuoco Pianissimo: Italian four knights variation"]
[ECO "C50"]
[NIC "IG.02"]
[Time "12:44:03"]
[PlyCount "161"]
[TimeControl "180+2"]

1. e4 e5 2. Nf3 Nc6 3. Bc4 Bc5 4. d3 Nf6 5. Nc3 d6 6. h3 a6 7. O-O O-O 8.
Bg5 h6 9. Bh4 Be6 10. Nd5 Bxd5 11. Bxd5 Qe7 12. c3 Ba7 13. Qc2 Rab8 14.
Rfe1 Nd8 15. b4 c6 16. Bb3 Ne6 17. Rad1 Nf4 18. Qd2 Ng6 19. Bg3 Rfd8 20.
Qc2 Nh5 21. Bh2 Nhf4 22. d4 h5 23. Bxf4 Nxf4 24. Kh2 Qf6 25. Ng1 exd4 26.
cxd4 Bxd4 27. Qd2 Be5 28. g3 Ng6 29. Qe3 h4 30. Nf3 Ra8 31. Nxe5 Nxe5 32.
f4 hxg3+ 33. Qxg3 Ng6 34. f5 Ne5 35. Rg1 Kh7 36. Rdf1 Rh8 37. Rg2 Kg8 38.
Rfg1 Rh7 39. a3 a5 40. b5 cxb5 41. Bd5 Rb8 42. Qb3 b4 43. axb4 axb4 44. Rg3
Nd7 45. Qxb4 b5 46. Rg6 Qe7 47. Qb2 Qe5+ 48. Qxe5 dxe5 49. f6 Kf8 50. Rxg7
Rxg7 51. fxg7+ Kg8 52. h4 Nf6 53. Bc6 Rb6 54. Ba8 Nh5 55. Bd5 Nxg7 56. h5
Rh6 57. Kg3 Rxh5 58. Rb1 Rg5+ 59. Kh4 Rh5+ 60. Kg4 Kh7 61. Bxf7 Rh6 62.
Rxb5 Rf6 63. Bd5 Rf4+ 64. Kg3 Nh5+ 65. Kg2 Rg4+ 66. Kf3 Rg3+ 67. Kf2 Kg7
68. Rb7+ Kf6 69. Rb8 Nf4 70. Kxg3 Nh5+ 71. Kf3 Nf4 72. Rf8+ Ke7 73. Rf5 Kd6
74. Rxf4 exf4 75. Kxf4 Ke7 76. Ke5 Ke8 77. Ke6 Kd8 78. Kf7 Kd7 79. e5 Kc7
80. e6 Kd6 81. e7 { Black resigns } 1-0